| TOP OF THE 1ST |
|
San Antonio Missions batting - Pitching for Pensacola Blue Wahoos : RHP Victor Uriegas
|
|
Pitching: RHP Victor Uriegas
|
|
|
Batting: RHB Dave McBain
|
0-0: Foul Ball, location: 2F 0-1: Ball 1-1: Ball 2-1: Fly out, F8 (Flyball, 8RM, EV 85.0 MPH)
|
|
Batting: RHB Freddie Brown
|
0-0: Ball 1-0: Foul Ball, location: 2F 1-1: Ground out 5-3 (Groundball, 56, EV 86.2 MPH)
|
|
Batting: LHB Matt Patnaude
|
0-0: Ball 1-0: Fly out, F3 (Popup, 3, EV 65.6 MPH)
|
| Top of the 1st over - 0 runs, 0 hits, 0 errors, 0 left on base; San Antonio 0 - Pensacola 0 |
| BOTTOM OF THE 1ST |
|
Pensacola Blue Wahoos batting - Pitching for San Antonio Missions : RHP Andy Dunmire
|
|
Pitching: RHP Andy Dunmire
|
|
|
Batting: RHB Jonathan Robies
|
0-0: Ball 1-0: Ball 2-0: Foul Ball, location: 2F 2-1: Foul Ball, location: 2F 2-2: Ball 3-2: Foul Ball, location: 2F 3-2: Fly out, F8 (Flyball, 89M, EV 89.4 MPH)
|
|
Batting: RHB Sang-ton Pak
|
0-0: Ball 1-0: Foul Ball, location: 2F 1-1: Called Strike 1-2: Ball 2-2: Strikes out swinging
|
|
Batting: RHB Juan Reyes
|
0-0: Ball 1-0: Ball 2-0: Fly out, F9 (Flyball, 9, EV 84.4 MPH)
|
| Bottom of the 1st over - 0 runs, 0 hits, 0 errors, 0 left on base; San Antonio 0 - Pensacola 0 |
| TOP OF THE 2ND |
|
San Antonio Missions batting - Pitching for Pensacola Blue Wahoos : RHP Victor Uriegas
|
|
Batting: RHB John Freeman
|
0-0: Ball 1-0: Ball 2-0: Called Strike 2-1: SINGLE (Groundball, 6MS, EV 81.9 MPH) (infield hit)
|
|
Batting: RHB Jaden Scott
|
0-0: Ball 1-0: Ball John Freeman is caught stealing 2nd base 2-4 2-0: Ball 3-0: Base on Balls
|
|
Batting: LHB Teko van de Sande
|
0-0: Fielders Choice at 2nd, 1-6 (Groundball, 34S, EV 62.5 MPH)
|
|
Batting: RHB Joe Weissman
|
0-0: Called Strike Teko van de Sande steals 2nd base 0-1: Reached on error, E4 (Groundball, 4, EV 110.0 MPH) Teko van de Sande to third
|
|
Batting: RHB Adrian Martinelli
|
0-0: SINGLE (Flyball, 8LS, EV 86.2 MPH) Teko van de Sande scores Joe Weissman to second
|
|
Batting: LHB Josh Slusarczyk
|
0-0: Called Strike 0-1: Swinging Strike 0-2: Strikes out swinging
|
| Top of the 2nd over - 1 run, 2 hits, 1 error, 2 left on base; San Antonio 1 - Pensacola 0 |
| BOTTOM OF THE 2ND |
|
Pensacola Blue Wahoos batting - Pitching for San Antonio Missions : RHP Andy Dunmire
|
|
Batting: RHB Jordan Torres
|
0-0: Called Strike 0-1: Ball 1-1: Called Strike 1-2: Ball 2-2: Ball 3-2: Fly out, F8 (Flyball, 8RM, EV 74.4 MPH)
|
|
Batting: LHB Brian Snyder
|
0-0: Called Strike 0-1: Foul Ball, location: 2F 0-2: Foul Ball, location: 2F 0-2: Foul Ball, location: 2F 0-2: Ball 1-2: SINGLE (Line Drive, 78S, EV 112.5 MPH)
|
|
Batting: RHB Dave Ruiz
|
0-0: Swinging Strike 0-1: Foul Ball, location: 2F 0-2: Ball 1-2: Ball 2-2: Strikes out looking
|
|
Batting: RHB Joe Kooyers
|
0-0: Ball 1-0: Ground out 4-3 (Groundball, 4, EV 86.9 MPH)
|
| Bottom of the 2nd over - 0 runs, 1 hit, 0 errors, 1 left on base; San Antonio 1 - Pensacola 0 |
| TOP OF THE 3RD |
|
San Antonio Missions batting - Pitching for Pensacola Blue Wahoos : RHP Victor Uriegas
|
|
Batting: RHB Dave McBain
|
0-0: Ball 1-0: Ball 2-0: Fly out, F9 (Line Drive, 9, EV 95.0 MPH)
|
|
Batting: RHB Freddie Brown
|
0-0: Fly out, F9 (Flyball, 89S, EV 94.4 MPH)
|
|
Batting: LHB Matt Patnaude
|
0-0: Ball 1-0: Called Strike 1-1: SINGLE (Groundball, 34D, EV 110.0 MPH)
|
|
Batting: RHB John Freeman
|
0-0: Ball 1-0: Ball 2-0: Ball 3-0: Called Strike 3-1: Foul Ball, location: 2F 3-2: SINGLE (Groundball, 4S, EV 94.4 MPH) Matt Patnaude to second Matt Patnaude to third
|
|
Batting: RHB Jaden Scott
|
0-0: Ball 1-0: Ball 2-0: Called Strike 2-1: SINGLE (Groundball, 34, EV 96.2 MPH) Matt Patnaude scores John Freeman to second Runner from 2nd tries for 3rd, SAFE, throw by RF made at trailing runner, OUT! 9-6
|
| Top of the 3rd over - 1 run, 3 hits, 0 errors, 1 left on base; San Antonio 2 - Pensacola 0 |
| BOTTOM OF THE 3RD |
|
Pensacola Blue Wahoos batting - Pitching for San Antonio Missions : RHP Andy Dunmire
|
|
Batting: LHB Phil Lomax
|
0-0: Swinging Strike 0-1: Swinging Strike 0-2: Ball 1-2: Ball 2-2: Strikes out swinging
|
|
Batting: RHB Matt Silva
|
0-0: Foul Ball, location: 2F 0-1: Ball 1-1: Foul Ball, location: 2F 1-2: Fly out, F4 (Popup, 4S, EV 76.9 MPH)
|
|
Batting: RHB Jonathan Robies
|
0-0: Called Strike 0-1: Ball 1-1: Swinging Strike 1-2: Strikes out looking
|
| Bottom of the 3rd over - 0 runs, 0 hits, 0 errors, 0 left on base; San Antonio 2 - Pensacola 0 |
| TOP OF THE 4TH |
|
San Antonio Missions batting - Pitching for Pensacola Blue Wahoos : RHP Victor Uriegas
|
|
Batting: LHB Teko van de Sande
|
0-0: SINGLE (Groundball, 4MD, EV 108.8 MPH) (infield hit)
|
|
Batting: RHB Joe Weissman
|
0-0: Foul Ball, location: 2F 0-1: Ball Pickoff Throw to First - Out! 1-3 CS 1-1: SINGLE (Groundball, 6MD, EV 109.4 MPH)
|
|
Batting: RHB Adrian Martinelli
|
0-0: Ball 1-0: Foul Ball, location: 2F 1-1: Foul Ball, location: 2F 1-2: Ball 2-2: DOUBLE (Flyball, 8LD, EV 96.9 MPH) Joe Weissman to third
|
|
Batting: LHB Josh Slusarczyk
|
0-0: Ball 1-0: Called Strike 1-1: Ball 2-1: Ground out U3 (Groundball, 3, EV 96.9 MPH)
|
|
Batting: RHB Dave McBain
|
0-0: Swinging Strike 0-1: Swinging Strike 0-2: Foul Ball, location: 2F 0-2: Strikes out swinging
|
| Top of the 4th over - 0 runs, 3 hits, 0 errors, 2 left on base; San Antonio 2 - Pensacola 0 |
| BOTTOM OF THE 4TH |
|
Pensacola Blue Wahoos batting - Pitching for San Antonio Missions : RHP Andy Dunmire
|
|
Batting: RHB Sang-ton Pak
|
0-0: Ball 1-0: Ball 2-0: Ball 3-0: Base on Balls
|
|
Batting: RHB Juan Reyes
|
Pickoff Throw to First - Error! E1 Sang-ton Pak to second 0-0: Ball 1-0: Called Strike 1-1: Ball 2-1: Ground out 5-3 (Groundball, 56S, EV 87.5 MPH)
|
|
Batting: RHB Jordan Torres
|
0-0: Called Strike 0-1: Ball 1-1: Foul Ball, location: 2F 1-2: Strikes out swinging
|
|
Batting: LHB Brian Snyder
|
0-0: Ball 1-0: Foul Ball, location: 2F 1-1: Fly out, F8 (Flyball, 8LS, EV 87.5 MPH)
|
| Bottom of the 4th over - 0 runs, 0 hits, 1 error, 1 left on base; San Antonio 2 - Pensacola 0 |
| TOP OF THE 5TH |
|
San Antonio Missions batting - Pitching for Pensacola Blue Wahoos : RHP Victor Uriegas
|
|
Batting: RHB Freddie Brown
|
0-0: Ball 1-0: Swinging Strike 1-1: Foul Ball, location: 2F 1-2: Ball 2-2: Foul Ball, location: 2F 2-2: Ground out 5-3 (Groundball, 56, EV 80.6 MPH)
|
|
Batting: LHB Matt Patnaude
|
0-0: Called Strike 0-1: Ball 1-1: Ball 2-1: Ball 3-1: Base on Balls
|
|
Batting: RHB John Freeman
|
0-0: Swinging Strike 0-1: Ball 1-1: Ball 2-1: Grounds into double play, 6-4-3 (Groundball, 6, EV 104.4 MPH)
|
| Top of the 5th over - 0 runs, 0 hits, 0 errors, 0 left on base; San Antonio 2 - Pensacola 0 |
| BOTTOM OF THE 5TH |
|
Pensacola Blue Wahoos batting - Pitching for San Antonio Missions : RHP Andy Dunmire
|
|
Batting: RHB Dave Ruiz
|
0-0: Ball 1-0: Ball 2-0: Called Strike 2-1: Ground out 6-3 (Groundball, 6M, EV 79.4 MPH)
|
|
Batting: RHB Joe Kooyers
|
0-0: Ball 1-0: Ball 2-0: Ball 3-0: Base on Balls
|
|
Batting: LHB Phil Lomax
|
0-0: Called Strike 0-1: Foul Ball, location: 2F 0-2: Foul Ball, location: 2F 0-2: Ball 1-2: Strikes out swinging
|
|
Batting: RHB Matt Silva
|
0-0: Called Strike 0-1: Fly out, F5 (Line Drive, 56, EV 68.8 MPH)
|
| Bottom of the 5th over - 0 runs, 0 hits, 0 errors, 1 left on base; San Antonio 2 - Pensacola 0 |
| TOP OF THE 6TH |
|
San Antonio Missions batting - Pitching for Pensacola Blue Wahoos : RHP Victor Uriegas
|
|
Batting: RHB Jaden Scott
|
0-0: Called Strike 0-1: Ball 1-1: Ball 2-1: Ball 3-1: Called Strike 3-2: Foul Ball, location: 2F 3-2: Foul Ball, location: 2F 3-2: Strikes out swinging
|
|
Batting: LHB Teko van de Sande
|
0-0: Ball 1-0: Foul Ball, location: 2F 1-1: Ball 2-1: Called Strike 2-2: Ball 3-2: SINGLE (Line Drive, 6D, EV 99.4 MPH)
|
|
Batting: RHB Joe Weissman
|
0-0: Called Strike Teko van de Sande steals 2nd base (no throw) 0-1: Ground out 3-1 (Groundball, 34, EV 80.6 MPH) Teko van de Sande to third
|
|
Pitching: LHP Bob Hale
|
|
|
Batting: RHB Adrian Martinelli
|
0-0: Ball 1-0: Called Strike 1-1: Swinging Strike 1-2: Foul Ball, location: 2F 1-2: Fly out, F8 (Flyball, 89M, EV 84.4 MPH)
|
| Top of the 6th over - 0 runs, 1 hit, 0 errors, 1 left on base; San Antonio 2 - Pensacola 0 |
| BOTTOM OF THE 6TH |
|
Pensacola Blue Wahoos batting - Pitching for San Antonio Missions : RHP Andy Dunmire
|
|
Batting: RHB Jonathan Robies
|
0-0: Ball 1-0: Ground out 6-3 (Groundball, 6, EV 87.5 MPH)
|
|
Batting: RHB Sang-ton Pak
|
0-0: Ground out 4-3 (Groundball, 13, EV 90.0 MPH)
|
|
Batting: RHB Juan Reyes
|
0-0: Foul Ball, location: 2F 0-1: Ball 1-1: Foul Ball, location: 2F 1-2: Ground out 1-3 (Groundball, 25, EV 66.9 MPH)
|
| Bottom of the 6th over - 0 runs, 0 hits, 0 errors, 0 left on base; San Antonio 2 - Pensacola 0 |
| TOP OF THE 7TH |
|
San Antonio Missions batting - Pitching for Pensacola Blue Wahoos : LHP Bob Hale
|
|
Pinch Hitting: RHB Mike Maserang
|
0-0: Ball 1-0: Called Strike 1-1: Called Strike 1-2: Ball 2-2: SINGLE (Groundball, 4M, EV 104.4 MPH) (infield hit)
|
|
Batting: RHB Dave McBain
|
0-0: Fly out, F7 (Line Drive, 78M, EV 102.5 MPH)
|
|
Batting: RHB Freddie Brown
|
0-0: Ball 1-0: Called Strike 1-1: Swinging Strike 1-2: Strikes out swinging
|
|
Batting: LHB Matt Patnaude
|
0-0: Foul Ball, location: 2F 0-1: Foul Ball, location: 2F 0-2: Foul Ball, location: 2F 0-2: Ball 1-2: SINGLE (Groundball, 34D, EV 102.5 MPH) Mike Maserang to second Runner from 2nd tries for 3rd, SAFE, throw by RF made to third
|
|
Batting: RHB John Freeman
|
0-0: Foul Ball, location: 2F 0-1: Ball 1-1: Ball 2-1: Fly out, F8 (Flyball, 8LM, EV 82.5 MPH)
|
| Top of the 7th over - 0 runs, 2 hits, 0 errors, 2 left on base; San Antonio 2 - Pensacola 0 |
| BOTTOM OF THE 7TH |
|
Pensacola Blue Wahoos batting - Pitching for San Antonio Missions : RHP Andy Dunmire
|
|
Now at 2B: Roberto Monzon
|
|
|
Now at SS: Teko van de Sande
|
|
|
Batting: RHB Jordan Torres
|
0-0: Ground out 5-3 (Groundball, 56S, EV 74.4 MPH)
|
|
Batting: LHB Brian Snyder
|
0-0: Ground out 6-3 (Groundball, 4, EV 84.4 MPH)
|
|
Batting: RHB Dave Ruiz
|
0-0: Ball 1-0: Foul Ball, location: 2F 1-1: Ball 2-1: Foul Ball, location: 2F 2-2: Ball 3-2: Strikes out swinging
|
| Bottom of the 7th over - 0 runs, 0 hits, 0 errors, 0 left on base; San Antonio 2 - Pensacola 0 |
| TOP OF THE 8TH |
|
San Antonio Missions batting - Pitching for Pensacola Blue Wahoos : LHP Bob Hale
|
|
Pitching: LHP Gavrilo Brkic
|
|
|
Batting: RHB Jaden Scott
|
0-0: Ball 1-0: Ball 2-0: Foul Ball, location: 2F 2-1: Ball 3-1: Called Strike 3-2: Strikes out swinging
|
|
Batting: LHB Teko van de Sande
|
0-0: Ball 1-0: Called Strike 1-1: Ball 2-1: SINGLE (Groundball, 34D, EV 103.8 MPH)
|
|
Batting: RHB Joe Weissman
|
0-0: Ball 1-0: Ball 2-0: Called Strike 2-1: Foul Ball, location: 2F Pickoff Throw to First - Error! E1 Teko van de Sande to second 2-2: Strikes out swinging
|
|
Batting: RHB Adrian Martinelli
|
0-0: Intentional Walk
|
|
Batting: RHB Roberto Monzon
|
0-0: Fly out, F3 (Popup, 34S, EV 65.6 MPH)
|
| Top of the 8th over - 0 runs, 1 hit, 1 error, 2 left on base; San Antonio 2 - Pensacola 0 |
| BOTTOM OF THE 8TH |
|
Pensacola Blue Wahoos batting - Pitching for San Antonio Missions : RHP Andy Dunmire
|
|
Batting: RHB Joe Kooyers
|
0-0: Ball 1-0: Called Strike 1-1: Ball 2-1: Foul Ball, location: 2F 2-2: Ground out 4-3 (Groundball, 34, EV 101.2 MPH)
|
|
Batting: LHB Phil Lomax
|
0-0: Ball 1-0: Ball 2-0: Foul Ball, location: 2F 2-1: Ball 3-1: SINGLE (Groundball, 6D, EV 105.0 MPH)
|
|
Batting: RHB Matt Silva
|
0-0: Ball 1-0: Grounds into double play, 1-6-3 (Groundball, 34S, EV 68.8 MPH)
|
| Bottom of the 8th over - 0 runs, 1 hit, 0 errors, 0 left on base; San Antonio 2 - Pensacola 0 |
| TOP OF THE 9TH |
|
San Antonio Missions batting - Pitching for Pensacola Blue Wahoos : LHP Gavrilo Brkic
|
|
Pitching: RHP Josh Pugh
|
|
|
Batting: RHB Dave McBain
|
0-0: SINGLE (Groundball, 56, EV 96.2 MPH)
|
|
Batting: RHB Freddie Brown
|
0-0: Ball 1-0: Called Strike 1-1: Ball 2-1: Foul Ball, location: 2F 2-2: Foul Ball, location: 2F 2-2: Foul Ball, location: 2F 2-2: Ball Wild Pitch! Dave McBain to second 3-2: Foul Ball, location: 2F 3-2: Base on Balls
|
|
Batting: LHB Matt Patnaude
|
0-0: Called Strike 0-1: Foul Ball, location: 2F 0-2: Ball 1-2: Foul Ball, location: 2F 1-2: Foul Ball, location: 2F 1-2: SINGLE (Flyball, 34D, EV 88.1 MPH) Dave McBain to third Freddie Brown to second
|
|
Batting: RHB John Freeman
|
0-0: Called Strike 0-1: Foul Ball, location: 2F 0-2: Reaches on Catchers interference Dave McBain scores Freddie Brown to third Matt Patnaude to second
|
|
Batting: RHB Jaden Scott
|
0-0: Called Strike 0-1: Swinging Strike 0-2: Ball 1-2: Ball 2-2: Strikes out swinging
|
|
Batting: LHB Teko van de Sande
|
0-0: Ball 1-0: Foul Ball, location: 2F 1-1: Foul Ball, location: 2F 1-2: Foul Ball, location: 2F 1-2: Strikes out swinging
|
|
Batting: RHB Joe Weissman
|
0-0: Ball 1-0: Called Strike 1-1: Fielders Choice at 2nd, 6-4 (Groundball, 6, EV 83.8 MPH)
|
| Top of the 9th over - 1 run, 2 hits, 1 error, 3 left on base; San Antonio 3 - Pensacola 0 |
| BOTTOM OF THE 9TH |
|
Pensacola Blue Wahoos batting - Pitching for San Antonio Missions : RHP Andy Dunmire
|
|
Pitching: LHP Ismael Diaz
|
|
|
Batting: RHB Jonathan Robies
|
0-0: Ball 1-0: Called Strike 1-1: Ball 2-1: Foul Ball, location: 2F 2-2: Foul Ball, location: 2F 2-2: Ball 3-2: Foul Ball, location: 2F 3-2: Foul Ball, location: 2F 3-2: SINGLE (Line Drive, 8LS, EV 91.2 MPH)
|
|
Batting: RHB Sang-ton Pak
|
0-0: Called Strike 0-1: Ball 1-1: Foul Ball, location: 2F 1-2: Ball 2-2: Ball 3-2: Strikes out looking
|
|
Batting: RHB Juan Reyes
|
0-0: Fly out, F9 (Flyball, 9D, EV 95.6 MPH)
|
|
Batting: RHB Jordan Torres
|
0-0: Swinging Strike 0-1: Ball Wild Pitch! Jonathan Robies to second 1-1: Called Strike 1-2: Strikes out swinging
|
| Bottom of the 9th over - 0 runs, 1 hit, 0 errors, 1 left on base; San Antonio 3 - Pensacola 0 |
|